[Event "XX Gran Hotel Bali-B 2023"]
[Site "Benidorm"]
[Date "2023.12.02"]
[Round "2.9"]
[White "Amoros Moran, Jose Joaquin"]
[Black "Navarro Rico, Lluis"]
[Result "0-1"]
[ECO "C02"]
[WhiteElo "1779"]
[BlackElo "1937"]
[Annotator "NA RC"]
[PlyCount "54"]
[EventDate "2023.12.02"]
[EventType "swiss"]
[EventCountry "ESP"]
[SourceTitle "playchess.com"]
[Source "ChessBase"]
[SourceQuality "1"]
[TimeControl "5400+30"]

1. e4 e6 2. d4 d5 3. e5 c5 4. c3 Qb6 5. Nf3 Nc6 6. Bd3 cxd4 7. O-O Bd7 8. Re1 Rc8 9. Nbd2 dxc3 10. bxc3 Bc5 11. Rb1 Qc7 12. Nb3 Bb6 13. Nbd4 Nxd4 14. Nxd4 Ne7 15. Bd2 Qc5 16. Qe2 a6 17. Be3 Qc7 18. Rxb6 Qxb6 19. Nf5 Qa5 20. Nxg7+ Kd8 21. Rb1 b5 22. Qg4 Rc6 23. Qg5 Qxc3 24. Bf1 Qc2 25. Qf6 Qxb1 26. Nxe6+ fxe6 27. Qxh8+ Be8 0-1

[Event "XX Gran Hotel Bali-B 2023"]
[Site "Benidorm"]
[Date "2023.12.02"]
[Round "2.10"]
[White "Medina Romero, Jose"]
[Black "Voet, Dirk"]
[Result "1-0"]
[ECO "A48"]
[WhiteElo "1963"]
[BlackElo "1773"]
[Annotator "NA RC"]
[PlyCount "85"]
[EventDate "2023.12.02"]
[EventType "swiss"]
[EventCountry "ESP"]
[SourceTitle "playchess.com"]
[Source "ChessBase"]
[SourceQuality "1"]
[TimeControl "5400+30"]

1. d4 g6 2. Nf3 Bg7 3. e3 d6 4. Be2 Nf6 5. O-O O-O 6. b4 b6 7. Bb2 Bb7 8. c4 Nfd7 9. Qc2 e5 10. Nc3 Nc6 11. b5 Ne7 12. Rfd1 Qe8 13. a4 a5 14. bxa6 Bxa6 15. Nb5 Rc8 16. Rac1 Nc6 17. c5 e4 18. Nd2 d5 19. Nxc7 Rxc7 20. Bxa6 Nb4 21. Qb3 Nxa6 22. c6 Ndc5 23. dxc5 Nxc5 24. Qxb6 Rxc6 25. Qb5 Bxb2 26. Rxc5 Rxc5 27. Qxc5 Qxa4 28. Rb1 Bf6 29. Qxd5 Rd8 30. Qxe4 Qa2 31. Nf3 Kg7 32. g3 Ra8 33. Kg2 Ra5 34. Rb7 Ra7 35. Rxa7 Qxa7 36. h4 Qc5 37. Qf4 h6 38. g4 Qd5 39. e4 Qc4 40. Kg3 Be7 41. g5 hxg5 42. hxg5 Qd3 43. Qe5+ 1-0

[Event "XX Gran Hotel Bali-B 2023"]
[Site "Benidorm"]
[Date "2023.12.02"]
[Round "2.11"]
[White "Herrero Ferrando, Salvador"]
[Black "Navia Martin, Sergio"]
[Result "0-1"]
[ECO "B00"]
[WhiteElo "1773"]
[BlackElo "1962"]
[Annotator "NA RC"]
[PlyCount "106"]
[EventDate "2023.12.02"]
[EventType "swiss"]
[EventCountry "ESP"]
[SourceTitle "playchess.com"]
[Source "ChessBase"]
[SourceQuality "1"]
[TimeControl "5400+30"]

1. d4 b6 2. e4 Bb7 3. Bd3 g6 4. Nf3 Bg7 5. Qe2 d6 6. Bf4 Nd7 7. Nbd2 e5 8. dxe5 Nxe5 9. Nxe5 dxe5 10. Bg3 Ne7 11. Rd1 Nc6 12. c3 Qe7 13. f3 O-O 14. O-O Nd8 15. Nc4 c6 16. Ne3 Ne6 17. Ba6 Nc5 18. Bxb7 Nxb7 19. Rd2 Rad8 20. Rfd1 b5 21. b4 Rxd2 22. Rxd2 Rd8 23. Qd1 Rxd2 24. Qxd2 Qd6 25. Qc2 h5 26. Kf1 Nd8 27. Qd1 Qxd1+ 28. Nxd1 f5 29. exf5 gxf5 30. Bf2 a6 31. Ke2 Kf7 32. Kd3 Ne6 33. Be3 Nc7 34. c4 Ke6 35. Bb6 bxc4+ 36. Kxc4 Nd5 37. Bc5 Bh6 38. Nf2 Ne3+ 39. Bxe3 Bxe3 40. Nd3 e4 41. fxe4 fxe4 42. Ne1 Ke5 43. Nc2 Bg1 44. h3 h4 45. Kc3 Kf4 46. Kd2 Kg3 47. Ne3 Kf2 48. a3 Bh2 49. Ng4+ Kxg2 50. Ke3 Kxh3 51. Nf2+ Kg2 52. Nxe4 Bg1+ 53. Kf4 h3 0-1

[Event "XX Gran Hotel Bali-B 2023"]
[Site "Benidorm"]
[Date "2023.12.02"]
[Round "2.12"]
[White "Westerweele, Henrik"]
[Black "Asensio Ramon, Ismael"]
[Result "1-0"]
[ECO "B22"]
[WhiteElo "1965"]
[BlackElo "1767"]
[Annotator "NA RC"]
[PlyCount "119"]
[EventDate "2023.12.02"]
[EventType "swiss"]
[EventCountry "ESP"]
[SourceTitle "playchess.com"]
[Source "ChessBase"]
[SourceQuality "1"]
[TimeControl "5400+30"]

1. e4 c5 2. c3 d5 3. exd5 Qxd5 4. d4 e6 5. Nf3 Nc6 6. Bd3 Nf6 7. O-O cxd4 8. cxd4 Bb4 9. Nc3 Bxc3 10. bxc3 O-O 11. Re1 h6 12. Bf4 Qd8 13. Qd2 Re8 14. Bxh6 gxh6 15. Qxh6 Ng4 16. Bh7+ Kh8 17. Qh3 Nf6 18. Ng5 Kg7 19. Qg3 Kf8 20. Bc2 b6 21. Rad1 Ba6 22. d5 Nxd5 23. c4 Bxc4 24. Nh7+ Ke7 25. Qh4+ Kd7 26. Qxc4 Rc8 27. Ba4 Rh8 28. Rxd5+ exd5 29. Qxd5+ Kc7 30. Qxc6+ Kb8 31. Qe4 Qd6 32. g3 Rc5 33. h4 f5 34. Qe7 Qd4 35. Nf6 Rc7 36. Bd7 Rhc8 37. Qe5 Qxe5 38. Rxe5 Rf8 39. Re8+ Rxe8 40. Bxe8 Re7 41. Ba4 a6 42. Nd5 Rb7 43. h5 b5 44. Bc2 Rh7 45. Nf4 Rf7 46. Ne6 Rh7 47. Bd1 Re7 48. Bb3 Rh7 49. Nf4 a5 50. Be6 b4 51. Bxf5 Rh8 52. g4 a4 53. Bc2 b3 54. Bxb3 axb3 55. axb3 Kc7 56. g5 Kd6 57. Kg2 Rg8 58. Ng6 Ke6 59. Kg3 Kd5 60. Kh3 1-0

[Event "XX Gran Hotel Bali-B 2023"]
[Site "Benidorm"]
[Date "2023.12.03"]
[Round "3.1"]
[White "Talledo Lagos, Cesar Frank"]
[Black "Ferreruela Romero, Jose Joaquin"]
[Result "1-0"]
[ECO "A80"]
[WhiteElo "1993"]
[BlackElo "1877"]
[Annotator "NA RC"]
[PlyCount "57"]
[EventDate "2023.12.02"]
[EventType "swiss"]
[EventCountry "ESP"]
[SourceTitle "playchess.com"]
[Source "ChessBase"]
[SourceQuality "1"]
[TimeControl "5400+30"]

1. Nf3 f5 2. d4 Nf6 3. Bf4 g6 4. e3 Bg7 5. h4 d6 6. h5 Nxh5 7. Rxh5 gxh5 8. Ng5 O-O 9. Qxh5 h6 10. Nf3 Qe8 11. Qh2 Qg6 12. Nc3 e6 13. O-O-O a6 14. Bd3 Nc6 15. a3 Qf6 16. Rg1 b5 17. g4 e5 18. g5 hxg5 19. Bxg5 Qe6 20. d5 Qe8 21. Bh6 Rf7 22. Ng5 Re7 23. dxc6 Qxc6 24. e4 d5 25. Bxg7 Rxg7 26. Rh1 Kf8 27. Rg1 dxe4 28. Qh8+ Rg8 29. Nh7+ 1-0

[Event "XX Gran Hotel Bali-B 2023"]
[Site "Benidorm"]
[Date "2023.12.03"]
[Round "3.2"]
[White "Mascarell Canet, Ricardo"]
[Black "Vladut, Matei"]
[Result "0-1"]
[ECO "A47"]
[WhiteElo "1886"]
[BlackElo "1989"]
[Annotator "NA RC"]
[PlyCount "114"]
[EventDate "2023.12.02"]
[EventType "swiss"]
[EventCountry "ESP"]
[SourceTitle "playchess.com"]
[Source "ChessBase"]
[SourceQuality "1"]
[TimeControl "5400+30"]

1. d4 c5 2. e3 g6 3. c3 Bg7 4. Nf3 Nf6 5. Nbd2 b6 6. Bd3 O-O 7. O-O Bb7 8. Re1 d6 9. Qe2 Nc6 10. Nf1 a6 11. Bd2 Ne8 12. d5 Ne5 13. Nxe5 Bxe5 14. f4 Bg7 15. e4 e6 16. dxe6 fxe6 17. Rad1 Nc7 18. g3 d5 19. e5 Bc6 20. Qg4 Qe7 21. h4 Be8 22. Nh2 d4 23. c4 b5 24. b3 a5 25. Nf3 Rf5 26. Ng5 a4 27. Re2 axb3 28. axb3 bxc4 29. bxc4 Bc6 30. Rh2 h6 31. Ne4 Ra3 32. Bb1 Rb3 33. Nd6 Bf3 34. Qxg6 Bxd1 35. Bxf5 exf5 36. Nxf5 Qd7 37. Nxh6+ Kf8 38. Nf5 Bc2 39. g4 Ne8 40. e6 Qb7 41. e7+ Qxe7 42. Nxe7 Bxg6 43. Nxg6+ Kf7 44. h5 Nd6 45. f5 Nxc4 46. Bg5 d3 47. Rf2 Bd4 48. Nh8+ Bxh8 49. f6 Rb1+ 50. Kg2 Rb2 51. Rxb2 Nxb2 52. Kf1 Bxf6 53. Be3 c4 54. g5 Bc3 55. g6+ Kg8 56. h6 d2 57. h7+ Kh8 0-1

[Event "XX Gran Hotel Bali-B 2023"]
[Site "Benidorm"]
[Date "2023.12.03"]
[Round "3.3"]
[White "Perez Gonzalez, Daniel"]
[Black "Bethencourt Hernandez, Alberto"]
[Result "0-1"]
[ECO "B06"]
[WhiteElo "1984"]
[BlackElo "1869"]
[Annotator "NA RC"]
[PlyCount "54"]
[EventDate "2023.12.02"]
[EventType "swiss"]
[EventCountry "ESP"]
[SourceTitle "playchess.com"]
[Source "ChessBase"]
[SourceQuality "1"]
[TimeControl "5400+30"]

1. e4 g6 2. d4 Bg7 3. Nf3 d6 4. Bc4 Nf6 5. Qe2 O-O 6. O-O Bg4 7. Nbd2 Nc6 8. c3 e5 9. h3 Bd7 10. dxe5 dxe5 11. Rd1 Qe7 12. Nf1 Na5 13. Bd3 Nh5 14. Be3 b6 15. Bb5 c6 16. Ba6 Be6 17. c4 c5 18. Ng5 Nf4 19. Bxf4 exf4 20. Nxe6 fxe6 21. Bb5 Qf6 22. Bd7 Kh8 23. Nh2 Rad8 24. Qg4 Nxc4 25. Nf3 Nxb2 26. Ng5 Nxd1 27. Qh4 h6 0-1

[Event "XX Gran Hotel Bali-B 2023"]
[Site "Benidorm"]
[Date "2023.12.03"]
[Round "3.4"]
[White "Conde Chamizo, Pablo"]
[Black "Fabre Massana, Miquel"]
[Result "1/2-1/2"]
[ECO "D31"]
[WhiteElo "1905"]
[BlackElo "1982"]
[Annotator "NA RC"]
[PlyCount "95"]
[EventDate "2023.12.02"]
[EventType "swiss"]
[EventCountry "ESP"]
[SourceTitle "playchess.com"]
[Source "ChessBase"]
[SourceQuality "1"]
[TimeControl "5400+30"]

1. c4 c6 2. d4 d5 3. Nc3 e6 4. Bf4 dxc4 5. e4 b5 6. Nf3 Nf6 7. Qc2 Bb7 8. Be2 Be7 9. h4 Nbd7 10. Rd1 Qa5 11. Kf1 Rd8 12. e5 Nd5 13. Nxd5 cxd5 14. Ng5 Nf8 15. Rh3 Rc8 16. Bg4 b4 17. Rf3 Bxg5 18. Bxg5 Bc6 19. Qc1 Qc7 20. Qf4 Ng6 21. Qd2 c3 22. bxc3 bxc3 23. Qc2 O-O 24. Rc1 Rfe8 25. Kg1 Bb5 26. Rxc3 Qxc3 27. Qxc3 Rxc3 28. Rxc3 h6 29. h5 Nxe5 30. dxe5 hxg5 31. Rc7 a6 32. Kh2 Rd8 33. Kg3 d4 34. Bd1 d3 35. a4 Be8 36. Kf3 Rb8 37. Ke3 Rb1 38. Rc8 Kf8 39. Bf3 Ke7 40. Rc7+ Kd8 41. Ra7 Ra1 42. Rxa6 Rxa4 43. Rd6+ Ke7 44. Rxd3 f6 45. Rb3 Rh4 46. Rb7+ Kf8 47. Rb8 Ke7 48. Rb7+ 1/2-1/2

[Event "XX Gran Hotel Bali-B 2023"]
[Site "Benidorm"]
[Date "2023.12.03"]
[Round "3.5"]
[White "Calatayud Ortega, Alberto"]
[Black "Sempere Domenech, Abel"]
[Result "0-1"]
[ECO "C24"]
[WhiteElo "1863"]
[BlackElo "1981"]
[Annotator "NA RC"]
[PlyCount "66"]
[EventDate "2023.12.02"]
[EventType "swiss"]
[EventCountry "ESP"]
[SourceTitle "playchess.com"]
[Source "ChessBase"]
[SourceQuality "1"]
[TimeControl "5400+30"]

1. e4 e5 2. Bc4 Nf6 3. d3 c6 4. Bg5 Bc5 5. Nf3 d6 6. Nbd2 O-O 7. h3 Nbd7 8. O-O Re8 9. a4 a5 10. c3 h6 11. Bh4 Bb6 12. Kh1 Nf8 13. Qb3 Be6 14. Bxf6 gxf6 15. Bxe6 fxe6 16. Nc4 Bc7 17. Ne3 Ng6 18. g3 Qd7 19. Rg1 Kh7 20. Rg2 Rg8 21. Rag1 Raf8 22. h4 Bd8 23. d4 Qf7 24. Rh2 Nh8 25. g4 h5 26. g5 fxg5 27. Nxg5+ Bxg5 28. Rxg5 Rxg5 29. hxg5 Qf3+ 30. Kg1 Rg8 31. Rg2 Ng6 32. Qxe6 Qxe4 33. Nf5 Qxg2+ 0-1

[Event "XX Gran Hotel Bali-B 2023"]
[Site "Benidorm"]
[Date "2023.12.03"]
[Round "3.6"]
[White "Perez Tomas, Juan Manuel"]
[Black "Tudela Gonzalez, Victor"]
[Result "1/2-1/2"]
[ECO "B51"]
[WhiteElo "1871"]
[BlackElo "1957"]
[Annotator "NA RC"]
[PlyCount "72"]
[EventDate "2023.12.02"]
[EventType "swiss"]
[EventCountry "ESP"]
[SourceTitle "playchess.com"]
[Source "ChessBase"]
[SourceQuality "1"]
[TimeControl "5400+30"]

1. e4 c5 2. Nf3 d6 3. Bb5+ Nd7 4. c3 Ngf6 5. Bd3 g6 6. Bc2 Bg7 7. a4 e5 8. O-O Nb8 9. d4 cxd4 10. cxd4 Nc6 11. dxe5 dxe5 12. Qxd8+ Kxd8 13. Nc3 Bg4 14. Ng5 Nd4 15. Bd3 Ke7 16. Bc4 Ne6 17. h3 Nxg5 18. Bxg5 Be6 19. Nd5+ Bxd5 20. exd5 Kd6 21. f4 Ne4 22. fxe5+ Kc5 23. Rf4 Nxg5 24. b4+ Kb6 25. a5+ Kc7 26. Re1 Rae8 27. d6+ Kb8 28. h4 Bxe5 29. d7 Re7 30. hxg5 Bxf4 31. Rxe7 Rd8 32. Rxf7 Bxg5 33. Rxh7 Bd2 34. a6 Bxb4 35. axb7 Kxb7 36. Be6 g5 1/2-1/2

[Event "XX Gran Hotel Bali-B 2023"]
[Site "Benidorm"]
[Date "2023.12.03"]
[Round "3.7"]
[White "Navarro Rico, Lluis"]
[Black "Kao, Jamison Edrich"]
[Result "1/2-1/2"]
[ECO "A09"]
[WhiteElo "1937"]
[BlackElo "1701"]
[Annotator "NA RC"]
[PlyCount "245"]
[EventDate "2023.12.02"]
[EventType "swiss"]
[EventCountry "ESP"]
[SourceTitle "playchess.com"]
[Source "ChessBase"]
[SourceQuality "1"]
[TimeControl "5400+30"]

1. Nf3 d5 2. g3 Nf6 3. Bg2 g6 4. c4 d4 5. b4 Bg7 6. Bb2 c5 7. d3 O-O 8. Nbd2 Re8 9. O-O e5 10. bxc5 Qc7 11. Ba3 h6 12. Rb1 Nc6 13. Qb3 Re7 14. Rb2 Bf5 15. Nh4 Bg4 16. Ne4 g5 17. Nxf6+ Bxf6 18. Nf3 Bg7 19. Rfb1 Qc8 20. Nd2 f5 21. Bd5+ Kh8 22. f3 Bh5 23. Qa4 g4 24. Rxb7 Rxb7 25. Rxb7 Qxb7 26. Bxc6 Qc8 27. Bxa8 Qxa8 28. fxg4 Be8 29. Qa6 Bc6 30. gxf5 Bh1 31. c6 Bxc6 32. f6 Bxf6 33. Ne4 Bg7 34. Nd6 e4 35. Qc8+ Qxc8 36. Nxc8 a6 37. Ne7 Ba4 38. dxe4 Bc2 39. c5 Bxe4 40. Bb2 Bf6 41. Nc8 Kg8 42. Bc1 d3 43. Bxh6 Bd4+ 44. Kf1 Bxc5 45. Bg5 Bf5 46. exd3 Bxc8 47. Bc1 Bh3+ 48. Ke2 Bg4+ 49. Kd2 Bg1 50. Ke1 Bf5 51. Ke2 Be6 52. a4 a5 53. Be3 Bg4+ 54. Kd2 Bxh2 55. Bf4 Bg1 56. Be3 Bh2 57. Bf4 Kf7 58. Bc7 Bd7 59. Ke3 Bg1+ 60. Kf4 Bc5 61. Bxa5 Bd6+ 62. Kf3 Bc6+ 63. Kg4 Kg6 64. Bd2 Bxa4 65. Kf3 Bd1+ 66. Kf2 Bc5+ 67. Be3 Bb4 68. Bf4 Kf5 69. Ke3 Bc5+ 70. d4 Ba3 71. d5 Ba4 72. Kd4 Bd7 73. Bc7 Kf6 74. Be5+ Ke7 75. Ke4 Bc1 76. Bf4 Ba3 77. Bg5+ Kd6 78. Bf4+ Kc5 79. Bh6 Bb2 80. Be3+ Kc4 81. d6 Bc6+ 82. Kf5 Kd5 83. Bf4 Bd7+ 84. Kg5 Ke6 85. Kh4 Kf5 86. Bg5 Ke6 87. Be7 Bc3 88. Kh3 Kf5 89. Kh4 Be1 90. Bg5 Ke4 91. Bf6 Bf2 92. Bg5 Bc5 93. Bf4 Bd4 94. Kg5 Kd5 95. Kh4 Ke6 96. Kg4 Kf6+ 97. Kh4 Kf5 98. Bg5 Bc5 99. Bf4 Bd4 100. Bg5 Be5 101. Be7 Kg6 102. g4 Bh2 103. Kh3 Bf4 104. Kh4 Bb5 105. Kh3 Bc6 106. Kh4 Bd2 107. Kg3 Bb4 108. Kf4 Kf7 109. g5 Ke6 110. Ke3 Ba3 111. Kd3 Bc1 112. Kc2 Bf4 113. Bf6 Kxd6 114. Kb2 Be4 115. Kc3 Kd5 116. Kb3 Bd2 117. Kb2 Kc4 118. Ka2 Bc1 119. Ka1 Kb3 120. Bg7 Bxg5 121. Be5 Bd2 122. Bf6 Bf4 123. Bb2 1/2-1/2

[Event "XX Gran Hotel Bali-B 2023"]
[Site "Benidorm"]
[Date "2023.12.03"]
[Round "3.8"]
[White "Viciano Barrachina, Aitor"]
[Black "Medina Romero, Jose"]
[Result "1/2-1/2"]
[ECO "E61"]
[WhiteElo "1878"]
[BlackElo "1963"]
[Annotator "NA RC"]
[PlyCount "85"]
[EventDate "2023.12.02"]
[EventType "swiss"]
[EventCountry "ESP"]
[SourceTitle "playchess.com"]
[Source "ChessBase"]
[SourceQuality "1"]
[TimeControl "5400+30"]

1. d4 g6 2. Nf3 Bg7 3. Bf4 Nf6 4. e3 O-O 5. Be2 d6 6. h3 Nc6 7. Bh2 Nd7 8. c4 e5 9. Nc3 Re8 10. O-O e4 11. Nd2 f5 12. b3 Nf6 13. Rc1 Bd7 14. Re1 g5 15. a3 a6 16. Qc2 Ne7 17. b4 Ng6 18. a4 h5 19. Nd5 g4 20. Nf4 Nxf4 21. Bxf4 Kh7 22. h4 Bh6 23. Bxh6 Kxh6 24. g3 Ng8 25. b5 Ne7 26. Rb1 Ng6 27. Kg2 b6 28. Qb2 a5 29. d5 Qe7 30. Qc3 Rf8 31. Bd1 Rae8 32. Bc2 Ne5 33. Rh1 Nf3 34. Bd1 Rg8 35. Nb3 Qf7 36. Nc1 Qg6 37. Ne2 Ne5 38. Bc2 Ref8 39. Nf4 Qf7 40. Rhe1 Ng6 41. Nxg6 Qxg6 42. Re2 Re8 43. Rbe1 1/2-1/2

[Event "XX Gran Hotel Bali-B 2023"]
[Site "Benidorm"]
[Date "2023.12.03"]
[Round "3.9"]
[White "Navia Martin, Sergio"]
[Black "Blanco Garcia Bajo, David"]
[Result "1/2-1/2"]
[ECO "E11"]
[WhiteElo "1962"]
[BlackElo "1812"]
[Annotator "NA RC"]
[PlyCount "98"]
[EventDate "2023.12.02"]
[EventType "swiss"]
[EventCountry "ESP"]
[SourceTitle "playchess.com"]
[Source "ChessBase"]
[SourceQuality "1"]
[TimeControl "5400+30"]

1. d4 e6 2. c4 Nf6 3. g3 d5 4. Bg2 Bb4+ 5. Bd2 Be7 6. Nf3 c6 7. Qc2 Ne4 8. Bf4 Nd7 9. O-O g5 10. Be3 f5 11. Nfd2 h5 12. Nxe4 dxe4 13. f3 exf3 14. exf3 Nb6 15. Nd2 h4 16. Rfe1 f4 17. Qg6+ Kf8 18. gxf4 gxf4 19. Bxf4 Qxd4+ 20. Be3 Qf6 21. Qxf6+ Bxf6 22. Bh3 Bxb2 23. Rab1 Bc3 24. Rec1 Bg7 25. Ne4 Na4 26. Rb4 Nb2 27. Rb3 b6 28. c5 b5 29. Nd6 Bd7 30. Kf2 a5 31. Rc2 Nd1+ 32. Ke2 Nxe3 33. Rxe3 Rh6 34. Kd3 Rf6 35. Rce2 Bh6 36. Ne4 Rf7 37. Nd6 Bxe3 38. Nxf7 Bxc5 39. Ng5 Rd8 40. Kc2 Bd6 41. Bxe6 Re8 42. Kd3 Bxe6 43. Nxe6+ Kg8 44. h3 Re7 45. Re4 c5 46. Rg4+ Kf7 47. Ng5+ Ke8 48. Rxh4 c4+ 49. Kd4 Be5+ 1/2-1/2

[Event "XX Gran Hotel Bali-B 2023"]
[Site "Benidorm"]
[Date "2023.12.03"]
[Round "3.10"]
[White "Gimeno Simo, Sergio"]
[Black "Westerweele, Henrik"]
[Result "1/2-1/2"]
[ECO "C02"]
[WhiteElo "1845"]
[BlackElo "1965"]
[Annotator "NA RC"]
[PlyCount "67"]
[EventDate "2023.12.02"]
[EventType "swiss"]
[EventCountry "ESP"]
[SourceTitle "playchess.com"]
[Source "ChessBase"]
[SourceQuality "1"]
[TimeControl "5400+30"]

1. e4 e6 2. d4 d5 3. e5 c5 4. c3 Nc6 5. Nf3 Nh6 6. Be2 cxd4 7. cxd4 Qb6 8. Nc3 Nf5 9. Bb5 Bd7 10. Bxc6 Bxc6 11. O-O Be7 12. a4 a6 13. Qd3 Rc8 14. Ne2 Qb4 15. b3 Qb6 16. Ba3 Bxa3 17. Rxa3 a5 18. Ng3 Nxg3 19. hxg3 Bd7 20. Raa1 h6 21. Rfc1 O-O 22. g4 g6 23. g5 h5 24. g4 h4 25. Nxh4 Kg7 26. Qe3 Rxc1+ 27. Rxc1 Rc8 28. Rxc8 Bxc8 29. Qf4 Qxb3 30. Qf6+ Kg8 31. Qd8+ Kg7 32. Qf6+ Kg8 33. Qd8+ Kg7 34. Qf6+ 1/2-1/2

[Event "XX Gran Hotel Bali-B 2023"]
[Site "Benidorm"]
[Date "2023.12.03"]
[Round "3.11"]
[White "Lloret Climent, Miguel"]
[Black "Oualili, Abdelali"]
[Result "1-0"]
[ECO "B10"]
[WhiteElo "1954"]
[BlackElo "1801"]
[Annotator "NA RC"]
[PlyCount "127"]
[EventDate "2023.12.02"]
[EventType "swiss"]
[EventCountry "ESP"]
[SourceTitle "playchess.com"]
[Source "ChessBase"]
[SourceQuality "1"]
[TimeControl "5400+30"]

1. c4 c6 2. e4 d5 3. cxd5 cxd5 4. exd5 Nf6 5. Nc3 g6 6. Bc4 Bg7 7. Nf3 O-O 8. d3 Nbd7 9. Be3 Nb6 10. Bxb6 Qxb6 11. Qb3 Qc7 12. h3 a6 13. a4 b6 14. O-O Rb8 15. d4 Ne8 16. Rac1 Nd6 17. Bd3 Nf5 18. Ne2 Qa7 19. Ne5 Rb7 20. Nc6 Qa8 21. Bxf5 Bxf5 22. Ng3 Bc8 23. Rfe1 e6 24. d6 b5 25. a5 Rd7 26. Ne7+ Kh8 27. Nxc8 Rxc8 28. Rxc8+ Qxc8 29. Qb4 Qc6 30. Ne4 f5 31. Ng5 Bf8 32. Nxe6 Bxd6 33. Qd2 Qd5 34. Qc3 Qc4 35. Qxc4 bxc4 36. Rc1 Kg8 37. Rxc4 Kf7 38. Nc5 Re7 39. Kf1 Ra7 40. Ke2 Ke7 41. Kd3 Bc7 42. b4 Kd6 43. Na4 Rb7 44. Nc5 Ra7 45. Kc3 Bd8 46. Nd3 Bh4 47. Rc5 Ra8 48. Kc4 Re8 49. Rd5+ Kc6 50. Ne5+ Kb7 51. g3 Bf6 52. f4 Rc8+ 53. Rc5 Rd8 54. d5 g5 55. Rc6 Rc8 56. Rxc8 Kxc8 57. Kc5 Kc7 58. d6+ Kb7 59. Kd5 gxf4 60. gxf4 Bh4 61. Ke6 Be1 62. d7 Kc7 63. Nc6 Bh4 64. d8=Q+ 1-0

[Event "XX Gran Hotel Bali-B 2023"]
[Site "Benidorm"]
[Date "2023.12.03"]
[Round "3.12"]
[White "Bravo Plaza, Luis"]
[Black "Martin Ramos, Hector"]
[Result "*"]
[ECO "B23"]
[WhiteElo "1833"]
[BlackElo "1981"]
[Annotator "NA RC"]
[PlyCount "132"]
[EventDate "2023.12.02"]
[EventType "swiss"]
[EventCountry "ESP"]
[SourceTitle "playchess.com"]
[Source "ChessBase"]
[SourceQuality "1"]
[TimeControl "5400+30"]

1. e4 c5 2. Nc3 a6 3. g3 b5 4. Bg2 Bb7 5. Nge2 Nf6 6. d3 e6 7. O-O d6 8. h3 Nbd7 9. f4 Nb6 10. b3 d5 11. e5 Nfd7 12. a4 b4 13. Nb1 a5 14. Nd2 Qc7 15. Bb2 O-O-O 16. c3 Ba6 17. cxb4 axb4 18. a5 Na8 19. Qc2 Kb8 20. Rfc1 Qb7 21. f5 Be7 22. Nf4 Nc7 23. Nc4 Qa7 24. Nd6 Nxe5 25. Bxe5 Bxd6 26. Bxd6 Rxd6 27. Kh2 e5 28. Ne2 Rc6 29. Qd2 f6 30. Ra2 Qb7 31. Qe3 Qb5 32. Rd2 Rd8 33. Bf1 d4 34. Qe4 Nd5 35. Bg2 Bb7 36. a6 Qxa6 37. Qh4 h6 38. Be4 Rc7 39. Rdc2 Nc3 40. Nxc3 dxc3 41. Qg4 Rd4 42. Qf3 Rcd7 43. Qe3 Bxe4 44. dxe4 Rd2+ 45. Rxd2 Rxd2+ 46. Kg1 Qa2 47. Qf3 Qb2 48. Qf1 Rg2+ 49. Kh1 Qe2 50. Qxg2 Qe3 51. Rc2 c4 52. Re2 Qd4 53. bxc4 b3 54. Qf3 Qd1+ 55. Kg2 Kc8 56. Qe3 b2 57. Qc5+ Kd8 58. Qf8+ Kc7 59. Qc5+ Kd7 60. Qb5+ Ke7 61. Rxb2 cxb2 62. Qxb2 Qd3 63. Qb7+ Kf8 64. Qa8+ Ke7 65. Qb7+ Kf8 66. Qd5 Qe2+ *

[Event "XX Gran Hotel Bali-B 2023"]
[Site "Benidorm"]
[Date "2023.12.04"]
[Round "4.1"]
[White "Garcia Fernandez, Jose Antonio"]
[Black "Talledo Lagos, Cesar Frank"]
[Result "0-1"]
[ECO "E80"]
[WhiteElo "1927"]
[BlackElo "1993"]
[Annotator "NA RC"]
[PlyCount "52"]
[EventDate "2023.12.02"]
[EventType "swiss"]
[EventCountry "ESP"]
[SourceTitle "playchess.com"]
[Source "ChessBase"]
[SourceQuality "1"]
[TimeControl "5400+30"]

1. c4 Nf6 2. Nc3 g6 3. d4 Bg7 4. e4 d6 5. f3 Nc6 6. Be3 a6 7. Nge2 Rb8 8. d5 Ne5 9. Nd4 c5 10. Nc2 O-O 11. Be2 b5 12. cxb5 axb5 13. Bxb5 Rxb5 14. Nxb5 Qa5+ 15. Nc3 Ba6 16. Bd2 Nd3+ 17. Kf1 Nxb2+ 18. Ne2 Qa4 19. Qc1 Qc4 20. Ncd4 cxd4 21. Qxc4 Nxc4 22. Bb4 d3 23. Nc3 Nh5 24. g4 Nf4 25. Kf2 Bd4+ 26. Kg3 Bxc3 0-1

[Event "XX Gran Hotel Bali-B 2023"]
[Site "Benidorm"]
[Date "2023.12.04"]
[Round "4.2"]
[White "Vladut, Matei"]
[Black "Marquez Bernal, Florencio"]
[Result "1-0"]
[ECO "E06"]
[WhiteElo "1989"]
[BlackElo "1894"]
[Annotator "NA RC"]
[PlyCount "75"]
[EventDate "2023.12.02"]
[EventType "swiss"]
[EventCountry "ESP"]
[SourceTitle "playchess.com"]
[Source "ChessBase"]
[SourceQuality "1"]
[TimeControl "5400+30"]

1. c4 c6 2. g3 d5 3. Bg2 Nf6 4. Nf3 e6 5. O-O Be7 6. d4 O-O 7. Nc3 b6 8. Nd2 Bb7 9. e4 dxe4 10. Ndxe4 Nxe4 11. Nxe4 Qd7 12. Be3 Na6 13. Qa4 b5 14. Qb3 bxc4 15. Qxc4 Rfc8 16. Nc5 Bxc5 17. dxc5 Nc7 18. Rfd1 Nd5 19. Bf4 a5 20. Bd6 Ba6 21. Qh4 Qd8 22. Qg4 Qf6 23. Rd2 Qg6 24. Qd4 Qf6 25. Be5 Qg6 26. Re1 Rd8 27. Be4 Qg5 28. h4 Qh6 29. f4 f6 30. Bd6 e5 31. fxe5 fxe5 32. Bxd5+ cxd5 33. Qxd5+ Kh8 34. Rf2 Qg6 35. Kh2 Rac8 36. Rxe5 h6 37. Re6 Qb1 38. Rxh6+ 1-0

[Event "XX Gran Hotel Bali-B 2023"]
[Site "Benidorm"]
[Date "2023.12.04"]
[Round "4.3"]
[White "Sempere Domenech, Abel"]
[Black "Nordgreen, Jan Thomas"]
[Result "1-0"]
[ECO "D00"]
[WhiteElo "1981"]
[BlackElo "1705"]
[Annotator "NA RC"]
[PlyCount "91"]
[EventDate "2023.12.02"]
[EventType "swiss"]
[EventCountry "ESP"]
[SourceTitle "playchess.com"]
[Source "ChessBase"]
[SourceQuality "1"]
[TimeControl "5400+30"]

1. d4 Nf6 2. Bg5 d5 3. Bxf6 exf6 4. e3 c5 5. Nc3 Be6 6. Nge2 Bd6 7. g3 cxd4 8. Nxd4 O-O 9. Bg2 Be5 10. O-O Nc6 11. Qd2 Nxd4 12. exd4 Bc7 13. Ne2 Rc8 14. c3 Qd7 15. Nc1 Bh3 16. Nd3 Bxg2 17. Kxg2 Bd6 18. Rfe1 Qf5 19. Re2 Rfe8 20. Rae1 Re4 21. f3 Rxe2+ 22. Rxe2 h5 23. Nf2 g5 24. Qd3 Qd7 25. Nd1 Kg7 26. Ne3 Bf8 27. Nf5+ Kg8 28. h4 Re8 29. Rxe8 Qxe8 30. hxg5 fxg5 31. Qe3 Qd8 32. Qe5 Qb6 33. Kh3 Qe6 34. f4 Kh7 35. Kg2 Kg6 36. Ne3 gxf4 37. gxf4 Qxe5 38. fxe5 f6 39. e6 f5 40. Nxd5 Bh6 41. a4 Bg5 42. a5 h4 43. b4 f4 44. c4 b6 45. a6 Bf6 46. e7 1-0

[Event "XX Gran Hotel Bali-B 2023"]
[Site "Benidorm"]
[Date "2023.12.04"]
[Round "4.4"]
[White "Clausen, Karl Erik"]
[Black "Lloret Climent, Miguel"]
[Result "0-1"]
[ECO "A05"]
[WhiteElo "1899"]
[BlackElo "1954"]
[Annotator "NA"]
[PlyCount "124"]
[EventDate "2023.12.02"]
[EventType "swiss"]
[EventCountry "ESP"]
[SourceTitle "playchess.com"]
[Source "ChessBase"]
[SourceQuality "1"]
[TimeControl "5400+30"]

1. e3 c5 2. b3 Nc6 3. Bb2 Nf6 4. Nf3 e6 5. Be2 Be7 6. O-O O-O 7. d4 b6 8. c4 cxd4 9. Nxd4 Nxd4 10. Qxd4 Bb7 11. Rd1 d6 12. Nd2 e5 13. Qd3 Qc7 14. Qf5 g6 15. Qc2 Nd7 16. Rac1 f5 17. Nb1 f4 18. e4 Nf6 19. f3 Rac8 20. Qd2 g5 21. Ba3 Rcd8 22. Nc3 a6 23. Qe1 Kh8 24. Qf2 Bc6 25. Nd5 Bxd5 26. cxd5 Qd7 27. Qxb6 g4 28. Rc7 Qe8 29. Qa7 Rf7 30. Rdc1 gxf3 31. gxf3 Rg7+ 32. Kh1 Nh5 33. Rg1 Ng3+ 34. hxg3 Qh5+ 35. Kg2 Rxg3+ 36. Kf1 Rxg1+ 37. Qxg1 Rg8 38. Rc8 Qh3+ 39. Ke1 Qxc8 40. Qf2 Qc3+ 41. Kd1 Qa1+ 42. Kc2 Qh1 43. Qa7 Qe1 44. Bxa6 Bf8 45. Qf7 Qf2+ 46. Kc3 Qd4+ 47. Kc2 Bg7 48. Bc4 Qf2+ 49. Kb1 Qxf3 50. Bxd6 Qxe4+ 51. Kc1 f3 52. Bc5 Qe1+ 53. Kc2 e4 54. d6 Qc3+ 55. Kd1 Qa1+ 56. Kc2 Qxa2+ 57. Kd1 Qa1+ 58. Kc2 Qa2+ 59. Kd1 Qb1+ 60. Kd2 Bh6+ 61. Kc3 Qe1+ 62. Kc2 Qc1# 0-1